 Dungeon Crawl Stone Soup version 0.32-a0-996-gb3226c233f (webtiles) character file.

Game seed: 8991034558083778034

47 Heh the Apothecary (level 3, -3/24 HPs)
             Began as a Coglin Alchemist on Apr 23, 2024.
             Slain by an orc
             ... wielding a +0 flail
              (6 damage)
             ... on level 3 of the Dungeon on Apr 24, 2024.
             The game lasted 00:05:19 (2221 turns).

Heh the Apothecary (Coglin Alchemist)               Turns: 2221, Time: 00:05:20

Health: -3/24      AC:  3    Str:  8    XL:     3   Next: 70%
Magic:  0/5        EV: 11    Int: 14    God:
Gold:   50         SH:  0    Dex: 16    Spells: 1/5 levels left

rFire   . . .        o - +1 dagger (venom) {Eshargamelat}
rCold   . . .        g - +0 falchion {Gurmehar}
rNeg    . . .        a - +0 robe
rPois   .            (no helmet)
rElec   .            (no cloak)
rCorr   .            (no gloves)
SInv    .            j - +0 pair of boots
Will    .....        (amulet unavailable)
Stlth   ++           (ring unavailable)
HPRegen 0.24/turn    (ring unavailable)
MPRegen 0.09/turn    (no gizmo)

%: no passive effects
@: revving
A: off-hand wielding, slow wielding, warmup strikes, no jewellery
a: Invent Gizmo


You were on level 3 of the Dungeon.
You visited 1 branch of the dungeon, and saw 3 of its levels.

You collected 50 gold pieces.

Inventory:

Hand Weapons
 c - a +0 short sword {Yongsun}
 d - a +0 dagger {Sizwe}
 g - a +0 falchion (offhand) {Gurmehar}
 o - a +1 dagger of venom (weapon) {Eshargamelat}
Armour
 a - a +0 robe (worn)
 j - a +0 pair of boots (worn)
 m - a +0 ring mail
Scrolls
 e - a scroll of identify {unknown}
 h - 2 scrolls of amnesia {unknown}
 i - a scroll of enchant weapon {unknown}
 l - a scroll of fog {unknown}
 p - a scroll of teleportation {unknown}
Potions
 b - a potion of magic
 k - a potion of degeneration {unknown}
 n - a potion of might {unknown}


   Skills:
 - Level 1.7 Dodging
 - Level 1.5 Stealth
 + Level 1.9 Spellcasting
 - Level 0.8 Conjurations
 + Level 5.0 Alchemy


You had one spell level left.
You knew the following spells:

 Your Spells              Type           Power      Damage    Failure   Level
a - Sting                 Conj/Alch      36%        1d5       8%          1
b - Mephitic Cloud        Conj/Alch/Air  6%         N/A       32%         3

Your spell library contained the following spells:

 Spells                   Type           Power      Damage    Failure   Level
 Apportation              Tloc           2%         N/A       24%         1
 Necrotise                Necr           4%         1d4       24%         1
 Summon Small Mammal      Summ           4%         N/A       24%         1
 Mercury Vapours          Alch/Air       16%        N/A       13%         2
 Olgreb's Toxic Radiance  Alch           15%        N/A       30%         4
 Ensorcelled Hibernation  Hex/Ice        2%         N/A       36%         2
 Fugue of the Fallen      Necr           1%         N/A       58%         3
 Sticky Flame             Fire/Alch      8%         2d4       65%         4
 Anguish                  Hex/Necr       0%         N/A       94%         4


Dungeon Overview and Level Annotations

Branches:
Dungeon (3/15)

Altars:
Gozag


Innate Abilities, Weirdness & Mutations

You can wield a second weapon in your off-hand.
It takes a long time for you to wield or remove held weapons.
Your first few attacks do less damage.
You cannot equip rings or amulets.


Message History

The orc attacks as it pursues you! The orc barely misses you.
Casting: Sting (safe; 8% risk of failure)
Confirm with . or Enter, or press ? or * to list all spells.
Okay, then.
Casting: Sting (safe; 8% risk of failure)
Confirm with . or Enter, or press ? or * to list all spells.
Aiming: Mephitic Cloud (extremely dangerous; 32% risk of failure)
Press: ? - help, Shift-Dir - straight line The ball explodes into a vile cloud!
The stinking cloud engulfs something.
The stinking cloud engulfs you.
The stinking cloud engulfs the hobgoblin.
The stinking cloud engulfs the orc.
The hobgoblin barely misses you. The orc hits you but does no damage.
Casting: Mephitic Cloud (extremely dangerous; 32% risk of failure)
Confirm with . or Enter, or press ? or * to list all spells.
Aiming: Sting (safe; 8% risk of failure)
Press: ? - help, Shift-Dir - straight line, f - orc
Aim: an orc, wielding a +0 flail and wearing a +0 leather armour (68% to hit)
The sting misses the orc.
The sting hits something.
The hobgoblin hits you but does no damage.
You completely miss the orc with your +1 dagger of venom.
You hit the orc with your +0 falchion. The hobgoblin closely misses you.
The orc hits you with a +0 flail.
* * * LOW HITPOINT WARNING * * *
The hobgoblin closely misses you. The orc closely misses you.
Unknown command.
Casting: Sting (safe; 8% risk of failure)
Confirm with . or Enter, or press ? or * to list all spells.
Aiming: Sting (safe; 8% risk of failure)
Press: ? - help, Shift-Dir - straight line, f/p - orc
Aim: an orc, wielding a +0 flail and wearing a +0 leather armour (68% to hit)
The sting hits the orc.
The orc is poisoned.
The orc is heavily wounded.
The orc misses you. The hobgoblin hits you.
* * * LOW HITPOINT WARNING * * *
You barely miss the orc with your +0 falchion.
The orc is heavily wounded.
You barely miss the orc with your +1 dagger of venom.
The hobgoblin completely misses you. The orc hits you with a +0 flail.
You die...

.............#####.#
.#######...### #..##
#.#######..#
#..).......#
.....########'## .##
##○).## ##g○§..##
#.@.....#
#..o......#
+.........'.
#.........###
##.......##
##.....## ##...##
#+##


You could see an orc (poisoned) and a hobgoblin.

Vanquished Creatures
  2 dart slugs (D:1)
  An orc (D:3)
  3 endoplasms (D:1)
  2 giant cockroaches
  6 goblins
  A hobgoblin (D:1)
  4 jackals (D:1)
  A quokka (D:1)
  7 ball pythons
  6 bats
  3 frilled lizards
  2 kobolds (D:1)
  4 rats
42 creatures vanquished.

Notes
Turn   | Place    | Note
-------+----------+-------------------------------------------
     0 | D:1      | Heh the Coglin Alchemist began the quest for the Orb.
     0 | D:1      | Reached XP level 1. HP: 13/13 MP: 3/3
   225 | D:1      | Reached XP level 2. HP: 13/19 MP: 4/4
   401 | D:1      | Reached skill level 4 in Alchemy
   989 | D:1      | Reached XP level 3. HP: 24/24 MP: 5/5
  1036 | D:1      | Learned a level 3 spell: Mephitic Cloud
  1496 | D:2      | Found an opulent altar of Gozag.
  2210 | D:3      | Reached skill level 5 in Alchemy
  2221 | D:3      | Slain by an orc

Illustrated notes

Levels and vault maps discovered:
D:1:      erik_arrival_cave_to_civilisation [erik_arrival_cave_to_hall],
          layout_basic
D:2:      layout_loops_corners, basic_altar
D:3:      layout_loops_corners, nicolae_gozag_seed_capital, elyvilon_altar_4,
          mainiacjoe_overflow_paths, uniq_crazy_yiuf_cottage

Skill      XL: |  1  2  3 |
---------------+----------+-----
Alchemy        | 4 5 |  5.0
Dodging        | |  1.7
Stealth        | |  1.5
Spellcasting   | |  1.9
Conjurations   | |  0.8

Action                     || total
---------------------------++-------
  Melee: Short sword       ||    63
         Unarmed           ||     8
         Dagger            ||    20
         Falchion          ||    50
   Cast: Sting             ||    15
         Mephitic Cloud    ||     1
    Use: Potion            ||     1
   Stab: Sleeping          ||     7
 Armour: Robe              ||    76
  Dodge: Dodged            ||    57

Table legend: (Time is in decaauts)
 A = Elapsed time spent in this place.
 B = Non-inter-level travel time spent in this place.
 C = Inter-level travel time spent in this place.
 D = Time resting spent in this place.
 E = Time spent auto-exploring this place.
 F = Levels seen in this place.
 G = Mean time per level.
                   A        B        C        D        E       F      G
               +--------+--------+--------+--------+--------+-----+--------+
         Total |   2228 |   2158 |     70 |      0 |   1777 |   3 |  742.7 |
       Dungeon |   2228 |   2158 |     70 |      0 |   1777 |   3 |  742.7 |
               +--------+--------+--------+--------+--------+-----+--------+

Top non-repeatable levels by time:
     D:1: 1370 daAuts
     D:2: 811 daAuts
     D:3: 46 daAuts
